 Dungeon Crawl Stone Soup version 0.23.2-30-g0e89c35649 (webtiles) character file.

Game seed: 1835011708018718670

10041 CheeseeCupcake the Cleaver (level 11, -13/97 HPs)
             Began as a Minotaur Monk on June 11, 2019.
             Was a High Priest of Okawaru.
             Killed from afar by an orc sorcerer (17 damage)
             ... with a bolt of negative energy
             ... led by an orc knight
             ... while paralysed by an orc sorcerer
             ... on level 1 of the Orcish Mines.
             The game lasted 00:40:31 (11346 turns).

CheeseeCupcake the Cleaver (Minotaur Monk)         Turns: 11346, Time: 00:40:31

Health: -13/97     AC: 23    Str: 24    XL:     11   Next: 31%
Magic:  10/10      EV:  2    Int:  7    God:    Okawaru [*****.]
Gold:   496        SH:  0    Dex: 17    Spells: 10/10 levels left

rFire    + . .     SeeInvis .   a - +2 war axe (chop)
rCold    + + .     Gourm    .   (no shield)
rNeg     + . .     Faith    .   D - +7 plate armour of the Morning {rN+ Dex+4}
rPois    .         Spirit   .   (helmet restricted)
rElec    .         Reflect  .   p - scarf {rC+ rF+}
rCorr    .         Harm     .   (no gloves)
MR       .....                  k - +2 pair of boots
Stlth    ..........             (no amulet)
HPRegen  0.26/turn              f - +5 ring of strength
MPRegen  0.12/turn              u - ring of protection from cold

@: paralysed, heavily drained
A: retaliatory headbutt, horns 2
a: Heroism, Finesse, Renounce Religion


You were on level 1 of the Orcish Mines.
You worshipped Okawaru.
Okawaru was extremely pleased with you.
You were not hungry.

You visited 4 branches of the dungeon, and saw 14 of its levels.

You collected 506 gold pieces.
You spent 10 gold pieces at shops.

Inventory:

Hand Weapons
 a - a +2 war axe of chopping (weapon)
 b - a +2 flail of protection
Missiles
 i - 315 stones (quivered)
Armour
 k - a +2 pair of boots (worn)
 p - a scarf of resistance (worn)
 D - the +7 plate armour of the Morning (worn) {rN+ Dex+4}
   (Okawaru gifted it to you on level 10 of the Dungeon)

   It affects your dexterity (+4).
   It protects you from negative energy.
Jewellery
 f - a +5 ring of strength (left hand)
 q - an uncursed ring of fire {unknown}
 u - a ring of protection from cold (right hand)
 A - an uncursed ring of ice
Wands
 o - a wand of iceblast (11)
 C - a wand of acid (8)
Scrolls
 m - 2 scrolls of identify
 n - 5 scrolls of remove curse
 r - a scroll of summoning {unknown}
 t - 9 scrolls of teleportation
 w - a scroll of enchant weapon {unknown}
 y - 2 scrolls of enchant armour
 z - a scroll of acquirement {unknown}
 B - a scroll of amnesia {unknown}
Potions
 d - a potion of brilliance
 e - a potion of invisibility
 g - a potion of flight
 h - a potion of mutation
 j - a potion of magic
 l - a potion of might
 v - 2 potions of lignification
 x - 2 potions of agility
Comestibles
 c - 13 rations
 s - a chunk of flesh


   Skills:
 + Level 9.1(7.2) Fighting
 * Level 13.6(12.9) Axes
 - Level 11.5(11.9) Maces & Flails
 * Level 7.9(6.1) Armour
 - Level 3.2(1.6) Dodging
 - Level 1.5(0.0) Stealth


You had 10 spell levels left.
You didn't know any spells.
Your spell library contained the following spells:

 Spells                   Type           Power        Failure   Level  Hunger
 Summon Small Mammal      Summ           #...         100%        1    ##.....
 Call Imp                 Summ           #.......     100%        2    ###....
 Call Canine Familiar     Summ           #.......     100%        3    ####...
 Summon Guardian Golem    Hex/Summ       #.......     100%        3    ####...
 Summon Ice Beast         Ice/Summ       #.......     100%        4    #####..
 Summon Lightning Spire   Summ/Air       #.......     100%        4    #####..


Dungeon Overview and Level Annotations

Branches:
Dungeon (11/15)            Temple (1/1) D:6            Lair (1/6) D:10
    Orc (1/2) D:9

Altars:
Ashenzari
Cheibriados
Dithmenos
Elyvilon
Fedhas
Gozag
Hepliaklqana
Kikubaaqudgha
Makhleb
Nemelex Xobeh
Okawaru
Qazlal
Ru
Sif Muna
Trog
Uskayaw
Vehumet
Wu Jian
Xom
Yredelemnul
Zin
The Shining One
Beogh

Shops:
D:5 !

Annotations:
Lair:1 Gastronok


Innate Abilities, Weirdness & Mutations

You reflexively headbutt those who attack you in melee.
You have a pair of horns on your head.


Message History

* * * LOW HITPOINT WARNING * * *
The orc sorcerer gestures at you while chanting.
The bolt of negative energy hits you! You partially resist.
You feel drained.
* * * LOW HITPOINT WARNING * * *
The soul eater hits you.
* * * LOW HITPOINT WARNING * * *
The orc wizard casts a spell at you.
The magic dart hits you but does no damage.
The soul eater disappears in a puff of smoke!
The orc sorcerer points at you and mumbles some strange words.
You shrug off the repeated paralysis!
The orc wizard gestures wildly while chanting.
The orc wizard flickers and vanishes!
Deactivating autopickup; reactivate with Ctrl-A.
The orc sorcerer hits you but does no damage.
A magic dart appears from out of thin air!
The magic dart hits you but does no damage.
The orc sorcerer points at you and mumbles some strange words.
The bolt of negative energy hits you! You partially resist.
You feel drained.
You die...

......#.# #...
.......## .....
........###
.....##..$......#
.....#.#$.......#
...............#
.......{..o....##
#......[)@......#
#....$.))รท...#.##
#.##..)<.$.###
#....)..##
##.^...## ###...#
...## ..... ##.#.#


You could see an orc sorcerer.

Vanquished Creatures
  Fannar (D:10)
  A two-headed ogre (D:10)
  An orc knight (D:9)
  Joseph (D:7)
  A gargoyle (D:10)
  A troll (D:10)
  Grinder (D:3)
  4 hippogriffs
  A wyvern (D:9)
  A hungry ghost (D:8)
  Duvessa (D:5)
  5 orc warriors
  4 ice beasts
  3 sky beasts
  4 black bears
  A necrophage (D:9)
  3 centaurs
  8 ogres
  2 big kobolds (D:9)
  7 bullfrogs
  A wyvern zombie (D:9)
  Dowan (D:5)
  7 scorpions
  14 killer bees
  3 howler monkeys (D:10)
  7 crimson imps
  2 bullfrog zombies
  5 hounds
  2 jellies
  A bullfrog skeleton (D:5)
  9 orc priests
  A centaur skeleton (D:9)
  A gnoll shaman (D:8)
  15 orc wizards
  8 worker ants
  A killer bee zombie (D:6)
  A hound zombie (D:8)
  2 hound skeletons
  10 adders
  4 gnolls (D:8)
  4 shadow imps
  An ooze (D:2)
  6 worms
  2 adder skeletons (D:8)
  4 dart slugs
  8 leopard geckos
  67 orcs
  2 bats
  4 goblins (D:1)
  8 hobgoblins
  9 jackals
  15 kobolds
  10 quokkas
  A ball python zombie (D:5)
  10 frilled lizards
  A jackal zombie (D:6)
  A quokka skeleton (D:5)
  7 rats
  A fungus (D:10)
307 creatures vanquished.

Vanquished Creatures (others)
  An orc (Orc:1)
  A fungus (D:10)
  A plant (Lair:1)
3 creatures vanquished.

Grand Total: 310 creatures vanquished

Notes
Turn   | Place    | Note
-------+----------+-------------------------------------------
     0 | D:1      | CheeseeCupcake the Minotaur Monk began the quest for the
                  | Orb.
     0 | D:1      | Reached XP level 1. HP: 19/19 MP: 0/0
   147 | D:1      | Reached skill level 4 in Axes
   178 | D:1      | Reached XP level 2. HP: 27/27 MP: 1/1
  1115 | D:2      | Reached XP level 3. HP: 27/33 MP: 2/2
  1337 | D:2      | Reached skill level 5 in Axes
  1956 | D:2      | Reached XP level 4. HP: 39/41 MP: 3/3
  2045 | D:2      | Reached skill level 1 in Armour
  2633 | D:3      | Noticed Grinder
  2641 | D:3      | Killed Grinder
  2641 | D:3      | Reached skill level 7 in Axes
  2641 | D:3      | Reached XP level 5. HP: 32/47 MP: 4/4
  2641 | D:3      | Reached XP level 6. HP: 37/53 MP: 5/5
  3012 | D:3      | Found a blossoming altar of Fedhas.
  3013 | D:3      | Found an opulent altar of Gozag.
  3017 | D:3      | Reached skill level 5 in Fighting
  3017 | D:3      | Reached skill level 1 in Maces & Flails
  3400 | D:4      | Found an opulent altar of Gozag.
  3476 | D:5      | Entered Level 5 of the Dungeon
  3858 | D:5      | Reached XP level 7. HP: 61/61 MP: 6/6
  4135 | D:5      | Noticed Duvessa
  4136 | D:5      | Noticed Dowan
  4144 | D:5      | Killed Duvessa
  4144 | D:5      | Reached skill level 5 in Maces & Flails
  4144 | D:5      | Reached skill level 5 in Armour
  4149 | D:5      | Killed Dowan
  4243 | D:5      | Found an ornate altar of the Wu Jian Council.
  4276 | D:5      | Found Viwn's Distillery.
  4282 | D:5      | Bought a potion of degeneration for 10 gold pieces
  4296 | D:5      | Reached XP level 8. HP: 62/68 MP: 7/7
  4911 | D:6      | Found a staircase to the Ecumenical Temple.
  4919 | Temple   | Entered the Ecumenical Temple
  4948 | Temple   | Became a worshipper of Warmaster Okawaru
  4948 | Temple   | Reached * piety under Okawaru
  4948 | Temple   | Reached ** piety under Okawaru
  5244 | D:6      | Found a burning altar of Makhleb.
  5806 | D:7      | Reached skill level 10 in Maces & Flails
  5832 | D:7      | Reached XP level 9. HP: 73/75 MP: 8/8
  6053 | D:7      | Reached *** piety under Okawaru
  6379 | D:7      | Noticed Joseph
  6389 | D:7      | Killed Joseph
  6389 | D:7      | Reached **** piety under Okawaru
  6389 | D:7      | Reached skill level 8 in Axes
  6744 | D:8      | Found a white marble altar of Elyvilon.
  6745 | D:8      | Found a snail-covered altar of Cheibriados.
  6970 | D:8      | Reached skill level 9 in Axes
  7495 | D:8      | Reached XP level 10. HP: 83/88 MP: 9/9
  7503 | D:9      | Reached skill level 10 in Axes
  7552 | D:8      | Found a deep blue altar of Sif Muna.
  8139 | D:9      | Found a glowing silver altar of Zin.
  8139 | D:9      | Noticed an angel
  8154 | D:9      | Found a shimmering altar of Xom.
  8160 | D:9      | Found a staircase to the Orcish Mines.
  8185 | D:10     | Entered Level 10 of the Dungeon
  8201 | Orc:1    | Entered Level 1 of the Orcish Mines
  8201 | Orc:1    | Noticed an orc knight
  8201 | Orc:1    | Noticed an orc sorcerer
  8320 | D:9      | Found a roughly hewn altar of Beogh.
  8358 | D:9      | Reached ***** piety under Okawaru
  8361 | D:9      | Reached skill level 11 in Axes
  9095 | D:9      | Found a radiant altar of Vehumet.
  9270 | D:10     | Reached skill level 12 in Axes
  9338 | D:10     | Received a gift from Okawaru
  9371 | D:10     | Got a smoking plate armour {god gift}
  9404 | D:10     | Noticed a gargoyle
  9422 | D:10     | Killed a gargoyle
  9674 | D:9      | Identified the +7 plate armour of the Morning {rN+ Dex+4}
                  | (Okawaru gifted it to you on level 10 of the Dungeon)
  9774 | D:10     | Noticed a two-headed ogre
  9788 | D:10     | Killed a two-headed ogre
  9998 | D:10     | Reached skill level 13 in Axes
  9998 | D:10     | Reached XP level 11. HP: 55/95 MP: 10/10
 10481 | D:10     | Noticed Fannar
 10498 | D:10     | Killed Fannar
 10702 | D:10     | Found a staircase to the Lair.
 10729 | Lair:1   | Entered Level 1 of the Lair of Beasts
 10737 | Lair:1   | Noticed Gastronok
 10737 | Lair:1   | Noticed an eight-headed hydra
 11046 | Orc:1    | Noticed a sun demon
 11157 | D:9      | Killed an orc knight
 11231 | Orc:1    | Noticed a sixfirhy
 11330 | Orc:1    | Noticed a soul eater
 11340 | Orc:1    | Paralysed by an orc sorcerer for 7 turns
 11343 | Orc:1    | HP: 3/97 [soul eater[an orc knight] (6)]
 11346 | Orc:1    | Killed from afar by an orc sorcerer

Skill      XL: |  1  2  3  4  5  6  7  8  9 10 11 |
---------------+----------------------------------+-----
Axes           | 4 5 7 9 13 | 13.6
Fighting       | 4 5 6 7 8 9 |  9.1
Armour         | 3 4 5 6 7 |  7.9
Maces & Flails | 1 6 10 11 | 11.5
Dodging        | |  3.2
Stealth        | |  1.5

Action                   |  1- 3 |  4- 6 |  7- 9 | 10-12 || total
-------------------------+-------+-------+-------+-------++-------
Melee: Hand axe          |    85 |    44 |       |       ||   129
       Headbutt          |    16 |    19 |    56 |    67 ||   158
       Flail             |       |    52 |   178 |       ||   230
       War axe           |       |       |   101 |   291 ||   392
Throw: Stone             |       |       |       |    43 ||    43
  Use: Scroll            |     3 |       |     9 |     6 ||    18
 Stab: Sleeping          |     6 |       |       |       ||     6
  Eat: Chunk             |     3 |     4 |    11 |     9 ||    27
       Ration            |       |     1 |       |     1 ||     2
Armor: Robe              |     1 |       |       |       ||     1
       Leather armour    |     6 |       |       |       ||     6
       Scale mail        |     1 |    29 |   118 |    65 ||   213
       Plate armour      |       |       |       |   114 ||   114
Dodge: Dodged            |    37 |    51 |   151 |   137 ||   376
